 Dungeon Crawl Stone Soup version 0.30-a0-956-gcec3b41aec (webtiles) character file.

Game seed: 9755847411447608815

156 cforsyth the Cudgeller (level 5, -1/43 HPs)
             Began as a Formicid Fighter on Mar 30, 2023.
             Slain by an ice beast (7 damage)
             ... on level 4 of the Dungeon.
             The game lasted 00:03:25 (2740 turns).

cforsyth the Cudgeller (Formicid Fighter)           Turns: 2740, Time: 00:03:26

Health: -1/43      AC:  6    Str: 29    XL:     5   Next: 65%
Magic:  5/5        EV:  9    Int:  7    God:
Gold:   236        SH:  6    Dex: 19    Spells: 4/4 levels left

rFire   . . .      SeeInvis +    a - +0 flail
rCold   . . .      Faith    .    c - +0 buckler
rNeg    . . .      Spirit   .    b - +0 scale mail
rPois   .          Reflect  .    (helmet unavailable)
rElec   .          Rampage  .    (no cloak)
rCorr   .                        (no gloves)
Will    .....                    (no boots) Stlth
                                 (no amulet)
HPRegen 0.27/turn                p - +6 ring of strength
MPRegen 0.09/turn                u - +6 ring of dexterity

@: no status effects
A: permanent stasis, dig shafts and tunnels, antennae 3, four strong arms
a: Dig, Shaft Self


You were on level 4 of the Dungeon.
You visited 1 branch of the dungeon, and saw 4 of its levels.

You collected 236 gold pieces.

Inventory:

Hand Weapons
 a - a +0 flail (weapon)
Armour
 b - a +0 scale mail (worn)
 c - a +0 buckler (worn)
Jewellery
 p - a +6 ring of strength (left hand)
 q - a ring of ice
 r - a ring of flight
 u - a +6 ring of dexterity (right hand)
Wands
 t - a wand of quicksilver (4)
Scrolls
 f - a scroll of amnesia {unknown}
 g - a scroll of immolation {unknown}
 h - a scroll of brand weapon {unknown}
 j - a scroll of identify {unknown}
 k - 4 scrolls of teleportation {unknown}
 m - a scroll of enchant weapon {unknown}
 o - a scroll of magic mapping {unknown}
 s - a scroll of fog {unknown}
Potions
 d - a potion of might
 e - 3 potions of heal wounds {unknown}
 i - a potion of berserk rage {unknown}
 l - 2 potions of degeneration {unknown}
 n - 2 potions of curing {unknown}
 v - a potion of haste {unknown}


   Skills:
 + Level 4.5 Fighting
 * Level 4.6 Maces & Flails
 - Level 3.2 Armour
 - Level 4.0 Shields


You had 4 spell levels left.
You didn't know any spells.
Your spell library contained the following spells:

 Spells                   Type           Power      Damage    Failure   Level
 Beastly Appendage        Tmut           0%         N/A       77%         1
 Wereblood                Tmut           0%         N/A       88%         2
 Spider Form              Tmut/Pois      0%         N/A       98%         3


Dungeon Overview and Level Annotations

Branches:
Dungeon (4/15)
 Temple: D:4-7

Altars:

Shops:
D:2 =


Innate Abilities, Weirdness & Mutations

You cannot be hasted, slowed, berserked, paralysed or teleported.
You can dig through walls and to a lower floor.
You have a pair of large antennae on your head. (SInv)
Your four strong arms can wield two-handed weapons with a shield.


Message History

An ice beast is nearby!
An ice beast is nearby!
An ice beast is nearby!
You completely miss the ice beast. The ice beast barely misses you.
You closely miss the ice beast. The ice beast barely misses you.
You hit the ice beast.
The ice beast is moderately wounded.
The ice beast hits you. The ice beast freezes you!
You sock the ice beast!
The ice beast is heavily wounded.
The ice beast hits you. The ice beast freezes you.
The ice beast barely misses you.
You barely miss the ice beast.
The ice beast is heavily wounded.
The ice beast misses you.
You barely miss the ice beast.
The ice beast is heavily wounded.
The ice beast closely misses you.
You closely miss the ice beast.
The ice beast is heavily wounded.
The ice beast hits you. The ice beast freezes you!
You are too injured to fight recklessly!
You are too injured to fight recklessly!
You are too injured to fight recklessly!
You are too injured to fight recklessly!
You are too injured to fight recklessly!
You are too injured to fight recklessly!
You are too injured to fight recklessly!
You are too injured to fight recklessly!
You sock the ice beast!
The ice beast is severely wounded.
The ice beast hits you. The ice beast freezes you!
* * * LOW HITPOINT WARNING * * *
The ice beast closely misses you.
You closely miss the ice beast.
The ice beast is severely wounded.
The ice beast hits you.
* * * LOW HITPOINT WARNING * * *
The ice beast freezes you!
You die...

##.##.# #.##.# #
#.##.#.#
###.##.#.#
#####...##.#.#
..............##.#
######...........#
######.######
#..Y@..# #.$.#####
..... ###. #


You could see an ice beast.

Vanquished Creatures
  A hound (D:4)
  4 adders
  A worm (D:3)
  2 dart slugs (D:2)
  4 orcs (D:3)
  5 bats
  4 endoplasms
  2 giant cockroaches
  9 goblins
  9 hobgoblins
  6 jackals
  6 kobolds
  3 quokkas
  8 ball pythons
  6 frilled lizards
  7 rats
77 creatures vanquished.

Notes
Turn   | Place    | Note
-------+----------+-------------------------------------------
     0 | D:1      | cforsyth the Formicid Fighter began the quest for the Orb.
     0 | D:1      | Reached XP level 1. HP: 18/18 MP: 1/1
    88 | D:1      | Reached XP level 2. HP: 12/24 MP: 2/2
   388 | D:1      | Reached XP level 3. HP: 30/30 MP: 3/3
  1280 | D:2      | Reached XP level 4. HP: 34/37 MP: 4/4
  1587 | D:2      | Found Nocid's Jewellery Boutique.
  2182 | D:3      | Reached XP level 5. HP: 28/42 MP: 5/5
  2729 | D:4      | Noticed an ice beast
  2740 | D:4      | Slain by an ice beast

Illustrated notes

Levels and vault maps discovered:
D:1:      moated_graveyard_arrival, layout_basic, minivault_11,
          minmay_octomino_c4
D:2:      minmay_angry_zag, layout_basic, serial_shops, shop,
          hangedman_decor_lopped
D:3:      layout_rooms
D:4:      layout_loops_ring, minmay_overflow_temple_hex

Skill      XL: |  1  2  3  4 |
---------------+-------------+-----
Maces & Flails | 3 4 |  4.6
Fighting       | 4 |  4.5
Armour         | |  3.2
Shields        | |  4.0

Action                     |  1- 3 |  4- 6 || total
---------------------------+-------+-------++-------
  Melee: Flail             |   111 |   119 ||   230
 Armour: Scale mail        |    55 |    37 ||    92
  Dodge: Dodged            |    61 |    70 ||   131
  Block: Buckler           |    46 |    41 ||    87

Table legend: (Time is in decaauts)
 A = Elapsed time spent in this place.
 B = Non-inter-level travel time spent in this place.
 C = Inter-level travel time spent in this place.
 D = Time resting spent in this place.
 E = Time spent auto-exploring this place.
 F = Levels seen in this place.
 G = Mean time per level.
                   A        B        C        D        E       F      G
               +--------+--------+--------+--------+--------+-----+--------+
         Total |   2795 |   2703 |     92 |    297 |   1894 |   4 |  698.8 |
       Dungeon |   2795 |   2703 |     92 |    297 |   1894 |   4 |  698.8 |
               +--------+--------+--------+--------+--------+-----+--------+

Top non-repeatable levels by time:
     D:1: 1036 daAuts
     D:2: 944 daAuts
     D:3: 690 daAuts
     D:4: 123 daAuts
